 Dungeon Crawl Stone Soup version 0.29.1-2-gbd0b4ee654 (webtiles) character file.

Game seed: 13651646299947143654

114 xian the Gusty (level 4, -3/30 HPs)
             Began as a Demonspawn Air Elementalist on Nov 2, 2022.
             Engulfed by an orc wizard's steam (11 damage)
             ... on level 3 of the Dungeon.
             The game lasted 00:04:55 (2648 turns).

xian the Gusty (Demonspawn Air Elementalist)        Turns: 2648, Time: 00:04:56

Health: -3/30      AC:  5    Str:  8    XL:     4   Next: 66%
Magic:  8/8        EV: 11    Int: 19    God:
Gold:   119        SH:  0    Dex: 15    Spells: 5/8 levels left

rFire   . . .      SeeInvis +   c - +0 long sword
rCold   . . .      Faith    .   (no shield)
rNeg    . . .      Spirit   .   l - +2 leather armour "Mushal" {-Tele Slay+5 SInv Stlth+}
rPois   .          Reflect  .   (no helmet)
rElec   .          Harm     .   (no cloak)
rCorr   .          Rampage  .   (no gloves)
Will    .....      NoTele   +   (no boots)
Stlth   ++........              p - amulet of magic regeneration
HPRegen 0.10/turn               (no ring)
MPRegen 0.62/turn               (no ring)

@: very slow
A: thin skeletal structure 1, magic regeneration
a: no special abilities


You were on level 3 of the Dungeon.
You visited 1 branch of the dungeon, and saw 3 of its levels.

You collected 119 gold pieces.

Inventory:

Hand Weapons
 c - a +0 long sword (weapon)
Armour
 d - a +0 leather armour
 l - the +2 leather armour "Mushal" (worn) {-Tele Slay+5 SInv Stlth+}
   (You found it on level 2 of the Dungeon)

   Slay:      It affects your accuracy & damage with ranged weapons and melee
   (+5).
   SInv:      It lets you see invisible.
   -Tele:     It prevents most forms of teleportation.
   Stlth:     It makes you more stealthy.
 o - a +0 chain mail
Magical Staves
 i - a staff of fire
Jewellery
 p - an amulet of magic regeneration (around neck)
Scrolls
 a - 2 scrolls of identify {unknown}
 f - 2 scrolls of immolation {unknown}
 g - a scroll of amnesia {unknown}
 k - a scroll of enchant weapon {unknown}
 q - a scroll of fog {unknown}
Potions
 b - a potion of magic
 e - a potion of berserk rage {unknown}
 h - a potion of attraction {unknown}
 j - a potion of resistance {unknown}
 m - 2 potions of mutation {unknown}
 n - a potion of lignification {unknown}


   Skills:
 + Level 0.2 Fighting
 + Level 1.5 Long Blades
 + Level 1.2 Armour
 + Level 2.0 Dodging
 + Level 2.0 Stealth
 + Level 2.7 Spellcasting
 + Level 1.4 Conjurations
 + Level 3.3 Air Magic


You had 5 spell levels left.
You knew the following spells:

 Your Spells              Type           Power      Damage    Failure   Level
a - Shock                 Conj/Air       44%        1d5       9%          1
b - Static Discharge      Conj/Air       11%        3-5/arc   12%         2

Your spell library contained the following spells:

 Spells                   Type           Power      Damage    Failure   Level
 Swiftness                Air            15%        N/A       17%         3
 Airstrike                Air            7%         2d(2-18)  50%         4


Dungeon Overview and Level Annotations

Branches:
Dungeon (3/15)

Altars:
Sif Muna
Trog

Shops:
D:1 ((:


Innate Abilities, Weirdness & Mutations

You have a somewhat thin skeletal structure. (Dex +2, Stealth+)
You regenerate magic rapidly.


Message History

The zap hits the orc wizard.
The orc wizard is heavily wounded.
The orc wizard barely misses you.
You closely miss the orc wizard.
The orc wizard is heavily wounded.
The orc wizard closely misses you.
Your unstable footing causes you to fumble your attack.
The orc wizard closely misses you.
You hit the orc wizard but do no damage.
The orc wizard is heavily wounded.
The orc wizard points at you and mumbles some strange words.
The magic dart hits you.
The orc wizard hits you but does no damage.
Your unstable footing causes you to fumble your attack.
The orc wizard gestures at you while chanting.
You are confused.
You're too confused to move!
The orc wizard hits you but does no damage.
You nearly stumble into some deep water!
The orc wizard barely misses you.
Your unstable footing causes you to fumble your attack.
The orc wizard hits you but does no damage.
You slash the orc wizard!
The orc wizard is almost dead.
The orc wizard gestures at you while chanting.
The puff of flame hits you.
The orc wizard hits you with a +0 dagger.
Your unstable footing causes you to fumble your attack.
You are engulfed in a cloud of scalding steam.
You feel less confused.
The orc wizard points at you and mumbles some strange words.
The puff of flame hits you.
You barely miss the orc wizard.
The orc wizard is almost dead.
You are engulfed in a cloud of scalding steam.
* * * LOW HITPOINT WARNING * * *
The orc wizard hits you but does no damage.
Your unstable footing causes you to fumble your attack.
You are engulfed in a cloud of scalding steam.
You die...

≈### # # ≈≈≈## #. ≈≈ ##
.≈≈## #.# #≈≈.##_##.≈≈#
##
##≈≈.#...#.≈≈############
#≈≈≈.#...#.≈≈≈#...^.....#
#≈≈.## ##.≈≈##########.#
#≈≈≈~#'#~≈≈≈#.# #.#
#≈≈~8.8@≈≈##.# #.#
##≈≈..o≈≈###.# #.#
###8.8#####.########.#
#...##.............#
#8.8#...........(..#
#..#)###.####.#####.##
#..#.# #.# #.# #.# #..#.#
#.####.# #†# #. #.#
#......# #.#


You could see an orc wizard.

Vanquished Creatures
  Natasha (D:2)
  4 adders
  A worm (D:3)
  3 dart slugs
  2 orcs (D:3)
  2 ball pythons (D:1)
  4 bats
  5 endoplasms
  4 giant cockroaches
  3 hobgoblins
  3 kobolds
  A quokka (D:1)
  A frilled lizard (D:3)
  4 goblins
  2 rats
40 creatures vanquished.

Vanquished Creatures (others)
  A plant (D:1)
1 creature vanquished.

Grand Total: 41 creatures vanquished

Notes
Turn   | Place    | Note
-------+----------+-------------------------------------------
     0 | D:1      | xian the Demonspawn Air Elementalist began the quest for
                  | the Orb.
     0 | D:1      | Reached XP level 1. HP: 13/13 MP: 3/3
   228 | D:1      | Found Vuatsoff's Book Shoppe.
   240 | D:1      | Gained mutation: You have a somewhat thin skeletal
                  | structure. (Dex +2, Stealth+) [demonic ancestry]
   240 | D:1      | Reached XP level 2. HP: 14/19 MP: 0/5
   368 | D:1      | Reached skill level 3 in Air Magic
   568 | D:1      | Found Utwimum's Antique Weapon Shop.
   676 | D:1      | Found a faded altar of an unknown god.
   741 | D:1      | Found Teikhlaon's Weapon Emporium.
  1179 | D:2      | Learned a level 2 spell: Static Discharge
  1303 | D:2      | Found a bloodstained altar of Trog.
  1436 | D:2      | Identified the +2 leather armour "Mushal" {-Tele Slay+5
                  | SInv Stlth+}
  1472 | D:2      | Gained mutation: You regenerate magic rapidly. [demonic
                  | ancestry]
  1472 | D:2      | Reached XP level 3. HP: 13/24 MP: 1/6
  1814 | D:2      | Noticed Natasha
  1819 | D:2      | Killed Natasha
  1820 | D:2      | Reached skill level 1 in Long Blades
  1820 | D:2      | Reached skill level 1 in Armour
  2227 | D:3      | Reached XP level 4. HP: 20/30 MP: 2/7
  2632 | D:3      | Found a shimmering blue altar of Sif Muna.
  2648 | D:3      | Engulfed by an orc wizard's steam

Illustrated notes

Levels and vault maps discovered:
D:1:      denvon_arrival_planthouse, layout_basic, serial_shops, shop_fountains,
          nicolae_diamond_shop, nicolae_shop_crystal,
          chequers_ecumenical_altar_simple_redux
D:2:      layout_basic, basic_altar, uniq_natasha
D:3:      layout_loops_ring, kennysheep_orc_sif_temple

Skill      XL: |  1  2  3 |
---------------+----------+-----
Air Magic      | 3 |  3.3
Long Blades    | 1 |  1.5
Armour         | 1 |  1.2
Dodging        | 2 |  2.0
Stealth        | 2 |  2.0
Fighting       | |  0.2
Spellcasting   | |  2.7
Conjurations   | |  1.4

Action                   |  1- 3 |  4- 6 || total
-------------------------+-------+-------++-------
Melee: Long sword        |    28 |    15 ||    43
 Cast: Shock             |    54 |    32 ||    86
       Static Discharge  |     1 |     2 ||     3
 Stab: Sleeping          |     1 |     1 ||     2
Armor: Robe              |    10 |       ||    10
       Leather armour    |    13 |     7 ||    20
Dodge: Dodged            |    35 |     9 ||    44
